 Dungeon Crawl Stone Soup version 0.29-a0-925-g0a7a3d12f8 (webtiles) character file.

Game seed: 3940738258525537285

65 mcwallace the Firebug (level 3, 0/20 HPs)
             Began as a Deep Elf Fire Elementalist on July 28, 2022.
             Slain by Terence
             ... wielding a +0 flail
              (10 damage)
             ... on level 2 of the Dungeon.
             The game lasted 00:02:22 (1861 turns).

mcwallace the Firebug (Deep Elf Fire Elementalist)  Turns: 1861, Time: 00:02:23

Health: 0/20       AC:  6    Str:  5    XL:     3   Next: 92%
Magic:  0/10       EV: 13    Int: 21    God:
Gold:   114        SH:  0    Dex: 15    Spells: 6/9 levels left

rFire   . . .      SeeInvis .   i - +0 dagger (speed) {short}
rCold   . . .      Faith    .   (no shield)
rNeg    . . .      Spirit   .   a - +0 robe
rPois   .          Reflect  .   (no helmet)
rElec   .          Harm     .   (no cloak)
rCorr   .          Rampage  .   (no gloves)
Will    .....                   (no boots)
Stlth   ++........              (no amulet)
HPRegen 0.06/turn               d - +4 ring of protection
MPRegen 0.12/turn               (no ring)

@: no status effects
A: no striking features
a: no special abilities


You were on level 2 of the Dungeon.
You visited 1 branch of the dungeon, and saw 2 of its levels.

You collected 114 gold pieces.


   Skills:
 + Level 1.1 Fighting
 + Level 3.1 Dodging
 - Level 2.4 Stealth
 + Level 3.7 Spellcasting
 + Level 2.0 Conjurations
 + Level 3.7 Fire Magic


You had 6 spell levels left.
You knew the following spells:

 Your Spells              Type           Power      Damage    Failure   Level
a - Foxfire               Conj/Fire      64%        2x1d7     3%          1
b - Scorch                Fire           38%        2d6       4%          2

Your spell library contained the following spells:

 Spells                   Type           Power      Damage    Failure   Level
 Conjure Flame            Conj/Fire      16%        6-21      11%         3
 Inner Flame              Hex/Fire       11%        N/A       17%         3
 Portal Projectile        Hex/Tloc       6%         N/A       36%         3
 Tukima's Dance           Hex            3%         N/A       36%         3
 Flame Wave               Conj/Fire      16%        2d7       36%         4
 Blade Hands              Tmut           1%         N/A       98%         5

Inventory:

Hand Weapons
 e - a +0 whip {mace}
   (You took it off a gnoll on level 1 of the Dungeon)
 g - a +0 club {mace}
   (You took it off a goblin on level 1 of the Dungeon)
 h - a +0 club {mace}
   (You took it off a goblin on level 1 of the Dungeon)
 i - a +0 dagger of speed (weapon) {short}
   (You took it off a kobold on level 1 of the Dungeon)
Missiles
 j - 10 stones {throwing}
Armour
 a - a +0 robe (worn)
 k - a +0 robe
   (You found it on level 1 of the Dungeon)
Jewellery
 d - a +4 ring of protection (left hand)
   (You found it on level 1 of the Dungeon)
Scrolls
 c - 4 scrolls of identify {unknown}
 l - a scroll of magic mapping {unknown}
 m - a scroll of amnesia {unknown}
 n - 3 scrolls of teleportation {unknown}
 o - a scroll of vulnerability {unknown}
 q - a scroll of fear {unknown}
Potions
 b - a potion of magic
 f - a potion of berserk rage {unknown}
 p - 2 potions of curing {unknown}
 r - 2 potions of brilliance {unknown}

Dungeon Overview and Level Annotations

Branches:
Dungeon (2/15) Zot: 10134

Altars:

Annotations:
D:2 Terence

### ### #.# #.# #.#
#########.######. ..###
#................
....####.#######.######.
#+#......# #.#
.....#...# #.#
.....#...# #.#
.....#...# #@#
#+#..#...# #...@......#
........................
.................####.#.
.................# #
#.............##.#
.#..#.. #[...##.#
#.#.....###...##.#
#.#...........##.#.


You could see Terence (combustible).


Message History

You kill the ball python! 😎 MP[-1]
You lost 1 mp, and now have 8/10 mp.
You conjure some foxfire! 😎 MP[-1]
You lost 1 mp, and now have 7/10 mp.
Key pressed, stopping explore.
No target in view! 😎 MP[+2]
You regained 2 mp, and now have 9/10 mp.
r - 2 murky purple potions 😎 MP[+1]
Your mp is fully restored (10).
p - 2 puce potions (gained 1)
A goblin comes into view. It is wielding a +0 club.
A goblin is nearby!
A goblin is nearby!
A goblin is nearby!
You conjure some foxfire!
The goblin shouts! 😎 MP[-1]
You lost 1 mp, and now have 9/10 mp.
You conjure some foxfire!
The foxfire hits the goblin!
You kill the goblin! 😎 MP[-1]
You lost 1 mp, and now have 8/10 mp.
You conjure some foxfire! 😎 MP[-1]
You lost 1 mp, and now have 7/10 mp.
You conjure some foxfire! 😎 MP[-1]
You lost 1 mp, and now have 6/10 mp.
You conjure some foxfire!
A ball python comes into view.
A worm comes into view. 😎 MP[-1]
You lost 1 mp, and now have 5/10 mp.
There are monsters nearby!
What are your orders? t - Shout!
Orders for allies: a - Attack new target. r - Retreat! s - Stop attacking. g - Guard the area. f - Follow me.
Anything else - Cancel.
You shout for attention!
The foxfire hits the ball python.
The foxfire hits the ball python!
You kill the ball python!
A worm is nearby!
You conjure some foxfire! 😎 MP[-1]
You lost 1 mp, and now have 4/10 mp.
You conjure some foxfire!
The foxfire hits the worm.
You conjure some foxfire!
The foxfire hits the worm. 😎 MP[-1]
You lost 1 mp, and now have 3/10 mp.
You conjure some foxfire!
The foxfire hits the worm. x2 😎 MP[-1]
You lost 1 mp, and now have 2/10 mp.
The foxfire hits the worm.
You kill the worm! 😎 MP[+1]
Found a stone staircase leading down. 😎 MP[+7]
Your mp is fully restored (10).
Terence the Incautious comes into view.
He is wielding a +0 flail.
Terence shouts!
Terence says, "Rest in peace."
Casting: Foxfire (safe; 3% risk of failure)
Confirm with . or Enter, or press ? or * to list all spells.
Flames lash Terence.
Terence's fire resistance burns away.
Terence misses you. 😎 MP[-2]
You lost 2 mp, and now have 8/10 mp.
Casting: Scorch (safe; 4% risk of failure)
Confirm with . or Enter, or press ? or * to list all spells.
Flames lash Terence.
Terence is burned terribly!
Terence hits you with a +0 flail. 😮 HP[-6] MP[-2]
You take 6 damage, and now have 14/20 hp.
MASSIVE DAMAGE!! (PAUSE)
You lost 2 mp, and now have 6/10 mp.
Casting: Scorch (safe; 4% risk of failure)
Confirm with . or Enter, or press ? or * to list all spells.
Flames lash Terence but do no damage.
Terence looks scornfully at you.
Terence hits you with a +0 flail. 😮 HP[-2] MP[-2]
You take 2 damage, and now have 12/20 hp.
You lost 2 mp, and now have 4/10 mp.
Casting: Scorch (safe; 4% risk of failure)
Confirm with . or Enter, or press ? or * to list all spells.
Flames lash Terence but do no damage.
Terence hits you with a +0 flail.
* * * LOW HITPOINT WARNING * * *
😨 HP[-2] MP[-2]
You take 2 damage, and now have 10/20 hp.
You lost 2 mp, and now have 2/10 mp.
Casting: Scorch (safe; 4% risk of failure)
Confirm with . or Enter, or press ? or * to list all spells.
Flames lash Terence.
Terence is burned terribly!
Terence hits you with a +0 flail!
Ouch! That really hurt!
You die...

Skill      XL: |  1  2  3 |
---------------+----------+-----
Dodging        | 3 |  3.1
Fighting       | 1 |  1.1
Conjurations   | 2 |  2.0
Stealth        | |  2.4
Spellcasting   | |  3.7
Fire Magic     | |  3.7

Action                   || total
-------------------------++-------
Melee: Unarmed           ||     2
       Dagger            ||     2
 Cast: Foxfire           ||    87
       Scorch            ||     5
Armor: Robe              ||     2
Dodge: Dodged            ||     8

Levels and vault maps discovered:
D:1:      lightli_molten_gateway, layout_basic, serial_rivers,
          chequers_serial_rivers_micro_c, chequers_serial_rivers_micro_d,
          chequers_serial_rivers_micro_e, chequers_serial_rivers_micro_b,
          chequers_serial_rivers_small_b, chequers_serial_rivers_small_3,
          nrook_campfire
D:2:      layout_basic, uniq_terence

Notes
Turn   | Place    | Note
-------+----------+-------------------------------------------
     0 | D:1      | mcwallace the Deep Elf Fire Elementalist began the quest
                  | for the Orb.
     0 | D:1      | Reached XP level 1. HP: 10/10 MP: 6/6
     0 | D:1      | magus.rc [v1.9.6]
    17 | D:1      | You pick up a book of Weapons and begin reading...
    17 | D:1      | You add the spells Tukima's Dance, Portal Projectile and
                  | Blade Hands to your library.
   269 | D:1      | Reached XP level 2. HP: 16/16 MP: 4/8
   499 | D:1      | Reached XP level 3. HP: 20/20 MP: 4/9
   956 | D:1      | Reached skill level 3 in Dodging
  1235 | D:2      | Learned a level 2 spell: Scorch
  1299 | D:2      | Reached skill level 1 in Fighting
  1597 | D:2      | Reached skill level 2 in Conjurations
  1856 | D:2      | Noticed Terence
  1861 | D:2      | Slain by Terence

Vanquished Creatures
  2 gnolls (D:1)
  2 worms (D:2)
  2 dart slugs (D:1)
  5 ball pythons
  4 endoplasms
  4 goblins
  5 hobgoblins
  A quokka (D:2)
  3 bats
  A frilled lizard (D:1)
  3 kobolds
  A rat (D:1)
33 creatures vanquished.

Vanquished Creatures (others)
  144 foxfires
144 creatures vanquished.

Grand Total: 177 creatures vanquished

Table legend:
 A = Non-vault XP
 B = Vault XP
 C = Vault XP percentage of total XP
 D = Non-vault monster count
 E = Vault monster count
 F = Vault count percentage of total count
                 A         B        C        D         E       F
            +---------+---------+-------+---------+---------+-------
      Total |      93 |       0 |   0.0 |      33 |       0 |   0.0
            +---------+---------+-------+---------+---------+-------
        D:1 |      62 |       0 |   0.0 |      20 |       0 |   0.0
        D:2 |      31 |       0 |   0.0 |      13 |       0 |   0.0
            +---------+---------+-------+---------+---------+-------

Illustrated notes

Table legend:
 A = Kills in this place as a percentage of kills in entire the game.
 B = Kills by you in this place as a percentage of kills by you in the entire game.
 C = Kills by friends in this place as a percentage of kills by friends in the entire game.
 D = Other kills in this place as a percentage of other kills in the entire game.
 E = Experience gained in this place as a percentage of experience gained in the entire game.
 F = Experience gained in this place divided by the number of levels of this place that you have seen.
                   A       B       C       D       E      F
               +-------+-------+-------+-------+-------+----------------------
         Total | 100.0 | 100.0 |   N/A |   N/A | 100.0 |  46.5
       Dungeon | 100.0 | 100.0 |   N/A |   N/A | 100.0 |  46.5
               +-------+-------+-------+-------+-------+----------------------

Table legend: (Time is in decaauts)
 A = Elapsed time spent in this place.
 B = Non-inter-level travel time spent in this place.
 C = Inter-level travel time spent in this place.
 D = Time resting spent in this place.
 E = Time spent auto-exploring this place.
 F = Levels seen in this place.
 G = Mean time per level.
                   A        B        C        D        E       F      G
               +--------+--------+--------+--------+--------+-----+--------+
         Total |   1864 |   1839 |     25 |      0 |   1636 |   2 |  932.0 |
       Dungeon |   1864 |   1839 |     25 |      0 |   1636 |   2 |  932.0 |
               +--------+--------+--------+--------+--------+-----+--------+

Top non-repeatable levels by time:
     D:1: 1229 daAuts
     D:2: 635 daAuts
